 Dungeon Crawl Stone Soup version 0.22.0-38-g04b72b8 (webtiles) character file.

39 Lew the Skirmisher (level 3, -1/23 HPs)
             Began as a Gargoyle Fighter on Aug 30, 2018.
             Slain by an iguana (7 damage)
             ... on level 4 of the Dungeon.
             The game lasted 00:01:32 (876 turns).

Lew the Skirmisher (Gargoyle Fighter)                Turns: 876, Time: 00:01:33

Health: -1/23      AC: 10    Str: 24    XL:     3   Next: 45%
Magic:  3/3        EV:  7    Int:  8    God:
Gold:   45         SH:  0    Dex: 10    Spells: 2/2 levels left

rFire    . . .     SeeInvis .   a - +0 war axe
rCold    . . .     Gourm    .   c - +0 shield
rNeg     + . .     Faith    .   b - +0 scale mail
rPois    ∞         Spirit   .   (no helmet)
rElec    +         Reflect  .   (no cloak)
rCorr    .         Harm     .   (no gloves)
MR       .....                  (no boots)
Stlth    ..........             (no amulet)
HPRegen  0.07/turn              (no ring)
MPRegen  0.08/turn              (no ring)

@: confused, mighty
A: negative energy resistance 1, electricity resistance, unbreathing,
petrification resistance, rot immunity, AC +3
a: no special abilities


You were on level 4 of the Dungeon.
You were not hungry.

You visited 1 branch of the dungeon, and saw 3 of its levels.

You collected 45 gold pieces.

Inventory:

Hand Weapons
 a - a +0 war axe (weapon)
Armour
 b - a +0 scale mail (worn)
 c - a +0 shield (worn)
Jewellery
 n - a cursed ring of attention {unknown}
Wands
 r - a wand of paralysis (8)
Scrolls
 g - a scroll of fear {unknown}
 i - 2 scrolls of immolation {unknown}
 l - a scroll of identify {unknown}
 m - a scroll of noise {unknown}
 o - 2 scrolls of remove curse {unknown}
 p - a scroll of blinking {unknown}
 q - a scroll of amnesia {unknown}
Potions
 e - a potion of brilliance {unknown}
 h - 2 potions of curing {unknown}
 j - a potion of ambrosia {unknown}
 k - 2 potions of heal wounds {unknown}
Comestibles
 f - 3 rations


   Skills:
 + Level 3.5 Fighting
 * Level 2.3 Axes
 + Level 3.5 Armour
 + Level 0.6 Dodging
 + Level 1.0 Stealth
 + Level 3.5 Shields


You had 2 spell levels left.
You didn't know any spells.
Your spell library was empty.

Dungeon Overview and Level Annotations

Branches:
Dungeon (2/15)

Altars:


Innate Abilities, Weirdness & Mutations

You are resistant to torment.
Your stone body is resilient. (AC +3)
You are immune to poison.
You resist negative energy. (rN+)
You are resistant to electric shocks. (rElec)
You can survive without breathing.
You are immune to petrification.
You are immune to rotting.


Message History

Pain shoots through your body!
You are too injured to fight recklessly!
Unknown command.
You are too injured to fight recklessly!
Unknown command.
You closely miss the orc wizard.
The orc wizard hits you but does no damage.
The orc priest hits you but does no damage.
You block the orc wizard's attack.
You slash the orc wizard!
The orc wizard is almost dead.
You closely miss the iguana. You barely miss the orc priest.
The iguana bites you.
* * * LOW HITPOINT WARNING * * *
The orc priest barely misses you.
The orc wizard points at you and mumbles some strange words.
You are confused.
You feel very mighty all of a sudden. The iguana bites you!
You die...

........# ... ........#
?.. ........#######..
...............#
####.#.........#########
#.#..................
#.#..................
#.#)..........o......
#.#..........@o......
..#...........l......
..##########.........
...# .......... ##.#
##....$.... #.#
#......... ####.##### .#


You could see an iguana, an orc priest and an orc wizard.

Vanquished Creatures
  An adder (D:4)
  2 oozes (D:1)
  A leopard gecko (D:1)
  An orc (D:4)
  A bat (D:1)
  3 giant cockroaches (D:1)
  2 hobgoblins (D:1)
  A kobold (D:1)
  A ball python (D:2)
  3 goblins (D:1)
  3 rats (D:1)
19 creatures vanquished.

Notes
Turn   | Place    | Note
-------+----------+-------------------------------------------
     0 | D:1      | Lew the Gargoyle Fighter began the quest for the Orb.
     0 | D:1      | Reached XP level 1. HP: 14/14 MP: 1/1
   160 | D:1      | Reached XP level 2. HP: 17/19 MP: 2/2
   541 | D:1      | Reached XP level 3. HP: 23/23 MP: 3/3
   834 | D:2      | You fall through a shaft for 2 floors!
   855 | D:4      | Reached skill level 1 in Stealth
   876 | D:4      | Slain by an iguana

Skill      XL: |  1  2  3 |
---------------+----------+-----
Axes           | 2 |  2.3
Stealth        | 1 |  1.0
Fighting       | |  3.5
Armour         | |  3.5
Dodging        | |  0.6
Shields        | |  3.5

Action                   || total
-------------------------++-------
Melee: War axe           ||    55
  Use: Potion            ||     1
Armor: Scale mail        ||    36
Dodge: Dodged            ||    13
Block: Shield            ||    29
